 Dungeon Crawl Stone Soup version 0.31-a0-185-g9dded2c639 (webtiles) character file.

Game seed: 14418206981152914973

27 qw the Shooter (level 2, 0/16 HPs)
             Began as a Deep Elf Hunter on June 22, 2023.
             Slain by an adder (3 damage)
             ... on level 1 of the Dungeon.
             The game lasted 00:00:17 (574 turns).

qw the Shooter (Deep Elf Hunter)                     Turns: 574, Time: 00:00:18

Health: 0/16       AC:  3    Str:  8    XL:     2   Next: 93%
Magic:  4/4        EV: 12    Int: 13    God:
Gold:   0          SH:  0    Dex: 18    Spells: 1/1 levels left

rFire   . . .        Y - +0 shortbow
rCold   . . .        (shield currently unavailable)
rNeg    . . .        c - +0 leather armour
rPois   .            (no helmet)
rElec   .            (no cloak)
rCorr   .            (no gloves)
SInv    .            (no boots)
Will    .....        (no amulet)
Stlth   ++           (no ring)
HPRegen 0.22/turn    (no ring)
MPRegen 0.09/turn

%: no passive effects
@: lethally poisoned (0 -> -8)
A: no striking features
a: no special abilities


You were on level 1 of the Dungeon.
You visited 1 branch of the dungeon, and saw 2 of its levels.


   Skills:
 - Level 1.5 Fighting
 + Level 6.6 Ranged Weapons
 - Level 2.4 Dodging
 - Level 1.2 Stealth


You had one spell level left.
You didn't know any spells.
Your spell library was empty.

Inventory:

Hand Weapons
 Y - a +0 shortbow (weapon)
Armour
 c - a +0 leather armour (worn)
Potions
 e - a potion of magic {unknown}
 h - a potion of heal wounds {unknown}

Dungeon Overview and Level Annotations

Branches:
Dungeon (2/15)

Altars:


Message History

It was a scroll of revelation.
Enter note:
Enter note:
Enter note:
Enter note: Done exploring.
556 ||| DROPPING scroll of butterflies.
You drop a scroll of butterflies.
Done exploring.
(D) Dungeon
Where to? (* - list waypoints, ? - help)
What level of the Dungeon? (default 1, ? - help)
There is a stone staircase leading down here.
You climb downwards.
There is a stone staircase leading up here.
There are monsters nearby!
Waypoint 1 assigned to D:2.
You shoot an arrow. The arrow hits the adder.
The adder hisses angrily.
The adder is lightly wounded.
The adder hisses angrily.
You shoot an arrow. The arrow hits the adder.
The adder is moderately wounded.
You shoot an arrow. The arrow misses the adder.
The adder bites you. The adder closely misses you.
571 ||| STAIRDANCE The adder misses you.
The adder barely misses you.
You climb upwards.
There is a stone staircase leading down here.
You shoot an arrow.
The arrow hits the adder but does no damage.
The adder is moderately wounded.
The adder bites you.
You are poisoned.
The adder poisons you! The adder bites you. x2
You are lethally poisoned!
The adder poisons you! The adder barely misses you.
You shoot an arrow. The arrow hits the adder.
The adder is heavily wounded.
You feel very sick. The adder bites you.
You die...

.## #.##......)...........## ..#
#.##...###.#.........## #.##
#.###..###.##........##
...####..........##.....##..#
.....##.............>...###.#
#..77##..........##.....###.#####
##7.7............................
7 7.77.........S.S...............
7 77.77....###..@................
7777..7.##..###..................
.....87.###......................
7.\.._7#######...................
.....87 ######...................
7777..7#####...#.................
##7...7..#.......................
.77..77#.#.....#.................
.7..77....%.............#########


You could see 2 adders.

Vanquished Creatures
  3 bats (D:1)
  An endoplasm (D:1)
  3 giant cockroaches (D:1)
  3 goblins (D:1)
  3 hobgoblins (D:1)
  A quokka (D:1)
  3 ball pythons (D:1)
  A frilled lizard (D:1)
  4 kobolds (D:1)
  3 rats (D:1)
25 creatures vanquished.

Notes
Turn   | Place    | Note
-------+----------+-------------------------------------------
     0 | D:1      | qw the Deep Elf Hunter began the quest for the Orb.
     0 | D:1      | Reached XP level 1. HP: 12/12 MP: 3/3
     0 | D:1      | 0 ||| qw: Version: 0.3-a-9-g12657ce
     0 | D:1      | 0 ||| qw: Game counter: 1844
     0 | D:1      | 0 ||| qw: Always use a shield: true
     0 | D:1      | 0 ||| qw: God list: Okawaru
     0 | D:1      | 0 ||| qw: Allow faded altars: false
     0 | D:1      | 0 ||| qw: Do Orc after D:15 true
     0 | D:1      | 0 ||| qw: Do second Lair branch before Depths: true
     0 | D:1      | 0 ||| qw: Lair rune preference: random
     0 | D:1      | 0 ||| qw: Plans: Normal
     0 | D:1      | 0 ||| PLANNING D:1-11
    59 | D:1      | HP: 3/12 [frozen (3)]
    61 | D:1      | HP: 1/12 [quokka (2)]
   128 | D:1      | Reached XP level 2. HP: 16/16 MP: 4/4
   152 | D:1      | Found a faded altar of an unknown god.
   177 | D:1      | Reached skill level 6 in Ranged Weapons
   550 | D:1      | 550 ||| DROPPING amulet of magic regeneration.
   551 | D:1      | 551 ||| READING scroll labelled VYNTIG ANOOST.
   555 | D:1      | 555 ||| READING scroll labelled OSUMAO EKHU.
   556 | D:1      | 556 ||| DROPPING scroll of butterflies.
   571 | D:2      | 571 ||| STAIRDANCE
   574 | D:1      | HP: 3/16 [poisoned by an adder]
   574 | D:1      | Slain by an adder

Levels and vault maps discovered:
D:1:      sevenhm_arrival_forest_fort_large_4, layout_rooms,
          shapermc_ecumenical_altar_totnotflames
D:2:      layout_loops_ring, uniq_sigmund

Skill      XL: |  1  2 |
---------------+-------+-----
Ranged Weapons | 6 |  6.6
Fighting       | |  1.5
Dodging        | |  2.4
Stealth        | |  1.2

Action                     || total
---------------------------++-------
   Fire: Shortbow          ||    71
    Use: Scroll            ||     2
 Armour: Leather armour    ||     6
  Dodge: Dodged            ||    30

Table legend:
 A = Non-vault XP
 B = Vault XP
 C = Vault XP percentage of total XP
 D = Non-vault monster count
 E = Vault monster count
 F = Vault count percentage of total count
                 A         B        C        D         E       F
            +---------+---------+-------+---------+---------+-------
      Total |      39 |       0 |   0.0 |      25 |       0 |   0.0
            +---------+---------+-------+---------+---------+-------
        D:1 |      39 |       0 |   0.0 |      25 |       0 |   0.0
            +---------+---------+-------+---------+---------+-------
